 Dungeon Sprint DCSS version 0.23-a0-814-g91b4073 (webtiles) character file.

3230 Lanoc the Blocker (level 9, 0/79 HPs)
             Began as a Gnoll Fighter on Jan 21, 2019.
             Was the Champion of Jiyva.
             Slain by a crocodile (8 damage)
             ... in the Dungeon (Sprint IX: "|||||||||||||||||||||||||||||").
             The game lasted 00:03:06 (638 turns).

Lanoc the Blocker (Gnoll Fighter)                    Turns: 638, Time: 00:03:06

Health: 0/79       AC: 16    Str: 24    XL:     9   Next: 98%
Magic:  21/21      EV: 12    Int: 11    God:    Jiyva [******]
Gold:   0          SH: 13    Dex: 16    Spells: 24/24 levels left

rFire    . . .     SeeInvis .   r - +2 scimitar (elec)
rCold    + . .     Gourm    .   c - +0 shield
rNeg     . . .     Faith    .   u - +1 chain mail
rPois    .         Spirit   .   (helmet restricted)
rElec    .         Reflect  .   t - +0 cloak
rCorr    +         Harm     .   (no gloves)
MR       .....     Clarity  +   (no boots) Stlth +.........NoTele +
                                (no amulet)
HPRegen  0.23/turn              v - +3 ring of strength
MPRegen  0.17/turn              w - +3 ring of dexterity

@: no status effects
A: distributed training, fangs 1, hooves 1, horns 1, slimy green scales 1,
clarity, clumsy 1, cold resistance 1, sense surroundings 2, strong nose
a: Request Jelly, Slimify, Cure Bad Mutation, Renounce Religion


You were in the Dungeon.
You worshipped Jiyva.
Jiyva was exalted by your worship.
You were not hungry.

You visited 1 branch

Inventory:

Hand Weapons
 a - a +2 morningstar of protection
 r - a +2 scimitar of electrocution (weapon)
Missiles
 B - 8 bolts
Armour
 c - a +0 shield (worn)
 s - a +0 helmet
 t - a +0 cloak (worn)
 u - a +1 chain mail (worn)
Magical Staves
 q - an uncursed staff of energy
Jewellery
 v - a +3 ring of strength (left hand)
 w - a +3 ring of dexterity (right hand)
Wands
 p - a wand of acid (10)
Scrolls
 k - 2 scrolls of blinking
 n - 3 scrolls of remove curse
 o - 3 scrolls of amnesia
 x - 2 scrolls of identify
 y - 2 scrolls of fog
 z - a scroll of fear
 A - 2 scrolls of enchant armour
Potions
 b - 2 potions of mutation
 d - a potion of might
 e - a potion of invisibility
 g - 5 potions of heal wounds
 h - a potion of haste
 i - 4 potions of magic
 j - a potion of berserk rage
 l - 2 potions of resistance
 m - 4 potions of curing
Comestibles
 f - a ration


   Skills:
 + Level 10.4 Fighting
 + Level 8.1 Short Blades
 + Level 9.4 Long Blades
 + Level 8.1 Axes
 + Level 8.1 Maces & Flails
 + Level 8.1 Polearms
 + Level 8.1 Staves
 + Level 8.1 Slings
 + Level 8.1 Bows
 + Level 8.1 Crossbows
 + Level 8.1 Throwing
 + Level 10.4 Armour
 + Level 8.1 Dodging
 + Level 8.1 Stealth
 + Level 10.4 Shields
 + Level 8.1 Unarmed Combat
 + Level 8.1 Spellcasting
 + Level 6.7 Conjurations
 + Level 6.7 Hexes
 + Level 6.7 Charms
 + Level 6.7 Summonings
 + Level 6.7 Necromancy
 + Level 6.7 Translocations
 + Level 6.7 Transmutations
 + Level 6.7 Fire Magic
 + Level 6.7 Ice Magic
 + Level 6.7 Air Magic
 + Level 6.7 Earth Magic
 + Level 6.7 Poison Magic
 + Level 8.9 Invocations
 + Level 8.1 Evocations


You had 24 spell levels left.
You didn't know any spells.
Your spell library was empty.

Dungeon Overview and Level Annotations

Branches:
Dungeon (1/1)

Altars:
Cheibriados
Dithmenos
Elyvilon
Fedhas
Gozag
Hepliaklqana
Kikubaaqudgha
Makhleb
Nemelex Xobeh
Okawaru
Qazlal
Ru
Sif Muna
Trog
Uskayaw
Vehumet
Wu Jian
Xom
Yredelemnul
Zin
The Shining One
Beogh
Jiyva
Lugonu


Innate Abilities, Weirdness & Mutations

Your experience applies equally to all skills.
You have very sharp teeth.
Your uncanny sense of smell can sniff out nearby items.
You have large cloven feet.
You have a pair of small horns on your head.
You are partially covered in slimy green scales. (AC +2)
You possess an exceptional clarity of mind.
You are clumsy. (Dex -2)
Your flesh is cold resistant. (rC+)
You passively map the area around you.


Message History

You block the wolf's attack. The blink frog hits you!
The blink frog blinks!
You closely miss the wolf. You kick the wolf!
The wolf is severely wounded.
You block the wolf's attack.
The blink frog hits you but does no damage.
The wolf closely misses you.
Unknown command.
You slash the wolf!
You kill the wolf!
The blink frog hits you!
* * * LOW HITPOINT WARNING * * *
You hit the crocodile but do no damage.
Lightning courses through the crocodilecrocodile You kick the crocodile, but do no damage.
You headbutt the crocodile, but do no damage.
The crocodile is heavily wounded.
The blink frog hits you!
* * * LOW HITPOINT WARNING * * *
The blink frog blinks!
The crocodile bites you!
You die...

, , ,, , , ,, , , * * * *** ** *
, , , , , * * * * ** * ∆∆∆∆∆
∆∆∆∆∆∆∆∆∆∆∆∆ ∆∆∆∆∆∆∆∆∆∆∆∆∆ * * *
* * , , , ,
▓▓▓▓▓▓▓▓▓▓▓▓▓▓▓▓▓▓▓▓▓▓▓▓ , +,
,.....Yt@§...F...'J......
▓▓▓▓▓▓▓▓▓▓▓▓▓▓▓▓▓▓▓▓▓▓▓▓▓▓▓▓▓▓▓▓▓
.................................
▓▓▓▓▓▓▓▓▓▓▓▓▓▓▓▓▓▓▓▓▓▓▓▓▓▓▓▓▓▓▓▓▓
.....'_____________J__________'..
▓▓▓▓▓▓▓▓▓▓▓▓▓▓▓▓▓▓▓▓▓▓▓▓▓▓▓▓▓▓▓▓▓


You could see an elephant, a blink frog and a crocodile.

Vanquished Creatures
  A cyclops (D)
  2 spiny frogs (D)
  A komodo dragon (D)
  A troll (D)
  A hippogriff (D)
  2 yaks (D)
  An orc warrior (D)
  2 porcupines (D)
  An ice beast (D)
  A sky beast (D)
  A wolf (D)
  3 crocodiles (D)
  5 bullfrogs (D)
  A scorpion (D)
  A killer bee (D)
  A wight (D)
  A howler monkey (D)
  A gnoll shaman (D)
  A worker ant (D)
  2 adders (D)
  An ooze (D)
  2 hobgoblins (D)
  A jackal (D)
  A bat (D)
  A kobold (D)
36 creatures vanquished.

Vanquished Creatures (others)
  An eye of draining (D)
  A jelly (D)
2 creatures vanquished.

Grand Total: 38 creatures vanquished

Notes
Turn   | Place    | Note
-------+----------+-------------------------------------------
     0 | D        | Lanoc the Gnoll Fighter began the quest for the Orb.
     0 | D        | Reached XP level 1. HP: 23/23 MP: 1/1
    17 | D        | Reached skill level 1 in Short Blades
    17 | D        | Reached skill level 1 in Axes
    17 | D        | Reached skill level 1 in Maces & Flails
    17 | D        | Reached skill level 1 in Polearms
    17 | D        | Reached skill level 1 in Staves
    17 | D        | Reached skill level 1 in Slings
    17 | D        | Reached skill level 1 in Bows
    17 | D        | Reached skill level 1 in Crossbows
    17 | D        | Reached skill level 1 in Throwing
    17 | D        | Reached skill level 1 in Dodging
    17 | D        | Reached skill level 1 in Stealth
    17 | D        | Reached skill level 1 in Unarmed Combat
    17 | D        | Reached skill level 1 in Spellcasting
    17 | D        | Reached skill level 1 in Invocations
    17 | D        | Reached skill level 1 in Evocations
    17 | D        | Reached XP level 2. HP: 25/29 MP: 1/3
    54 | D        | Noticed a howler monkey
    54 | D        | Noticed a sky beast
    59 | D        | Killed a sky beast
    59 | D        | Reached skill level 5 in Long Blades
    59 | D        | Reached XP level 3. HP: 18/36 MP: 4/7
    59 | D        | Reached XP level 4. HP: 21/43 MP: 4/8
    63 | D        | Reached XP level 5. HP: 19/48 MP: 4/9
   121 | D        | Found a roughly hewn altar of Beogh.
   121 | D        | Found a snail-covered altar of Cheibriados.
   121 | D        | Found a shadowy altar of Dithmenos.
   121 | D        | Found a white marble altar of Elyvilon.
   121 | D        | Found a blossoming altar of Fedhas.
   121 | D        | Found an opulent altar of Gozag.
   122 | D        | Found a hazy altar of Hepliaklqana.
   123 | D        | Found a viscous altar of Jiyva.
   124 | D        | Found an ancient bone altar of Kikubaaqudgha.
   125 | D        | Found a corrupted altar of Lugonu.
   126 | D        | Found a burning altar of Makhleb.
   127 | D        | Found a sparkling altar of Nemelex Xobeh.
   128 | D        | Found an iron altar of Okawaru.
   129 | D        | Found a stormy altar of Qazlal.
   130 | D        | Found a sacrificial altar of Ru.
   131 | D        | Became a worshipper of Jiyva Jolotuor the Shapeless
   132 | D        | Found a deep blue altar of Sif Muna.
   133 | D        | Found a bloodstained altar of Trog.
   134 | D        | Found a hide-covered altar of Uskayaw.
   135 | D        | Found a radiant altar of Vehumet.
   136 | D        | Found an ornate altar of the Wu Jian Council.
   137 | D        | Found a shimmering altar of Xom.
   138 | D        | Found a basalt altar of Yredelemnul.
   139 | D        | Found a glowing silver altar of Zin.
   140 | D        | Found a glowing golden altar of the Shining One.
   164 | D        | Reached * piety under Jiyva
   169 | D        | Reached ** piety under Jiyva
   169 | D        | Reached *** piety under Jiyva
   169 | D        | Gained mutation: You have a somewhat thin skeletal
                  | structure. (Dex +2, Stealth) [Jiyva's grace]
   169 | D        | Reached **** piety under Jiyva
   274 | D        | Lost mutation: You have a somewhat thin skeletal structure.
                  | (Dex +2, Stealth) [Jiyva's grace]
   274 | D        | Reached ***** piety under Jiyva
   274 | D        | Gained mutation: Your flesh is cold resistant. (rC+)
                  | [Jiyva's grace]
   274 | D        | Gained mutation: You are partially covered in slimy green
                  | scales. (AC +2) [Jiyva's grace]
   286 | D        | Noticed a hippogriff
   290 | D        | Reached XP level 6. HP: 56/56 MP: 10/12
   298 | D        | Reached skill level 5 in Invocations
   304 | D        | Killed a hippogriff
   304 | D        | Reached skill level 5 in Short Blades
   304 | D        | Reached skill level 5 in Axes
   304 | D        | Reached skill level 5 in Maces & Flails
   304 | D        | Reached skill level 5 in Polearms
   304 | D        | Reached skill level 5 in Staves
   304 | D        | Reached skill level 5 in Slings
   304 | D        | Reached skill level 5 in Bows
   304 | D        | Reached skill level 5 in Crossbows
   304 | D        | Reached skill level 5 in Throwing
   304 | D        | Reached skill level 5 in Dodging
   304 | D        | Reached skill level 5 in Stealth
   304 | D        | Reached skill level 5 in Unarmed Combat
   304 | D        | Reached skill level 5 in Spellcasting
   304 | D        | Reached skill level 5 in Evocations
   304 | D        | Reached XP level 7. HP: 52/63 MP: 12/14
   311 | D        | Reached ****** piety under Jiyva
   314 | D        | Gained mutation: You possess an exceptional clarity of
                  | mind. [Jiyva's grace]
   315 | D        | Noticed a cyclops
   315 | D        | Noticed a troll
   318 | D        | Killed a troll
   326 | D        | Killed a cyclops
   326 | D        | Reached skill level 5 in Conjurations
   326 | D        | Reached skill level 5 in Hexes
   326 | D        | Reached skill level 5 in Charms
   326 | D        | Reached skill level 5 in Summonings
   326 | D        | Reached skill level 5 in Necromancy
   326 | D        | Reached skill level 5 in Translocations
   326 | D        | Reached skill level 5 in Transmutations
   326 | D        | Reached skill level 5 in Fire Magic
   326 | D        | Reached skill level 5 in Ice Magic
   326 | D        | Reached skill level 5 in Air Magic
   326 | D        | Reached skill level 5 in Earth Magic
   326 | D        | Reached skill level 5 in Poison Magic
   326 | D        | Reached XP level 8. HP: 35/71 MP: 15/17
   344 | D        | Gained mutation: You have large cloven feet. [Jiyva's
                  | grace]
   345 | D        | Lost mutation: You possess an exceptional clarity of mind.
                  | [Jiyva's grace]
   568 | D        | Noticed a yak
   568 | D        | Noticed a spiny frog
   571 | D        | Killed a spiny frog
   571 | D        | Reached XP level 9. HP: 77/77 MP: 17/19
   574 | D        | Noticed a spiny frog
   593 | D        | Killed a spiny frog
   593 | D        | Reached skill level 10 in Fighting
   593 | D        | Reached skill level 10 in Armour
   593 | D        | Reached skill level 10 in Shields
   615 | D        | Gained mutation: You possess an exceptional clarity of
                  | mind. [Jiyva's grace]
   615 | D        | Gained mutation: You are clumsy. (Dex -2) [Jiyva's grace]
   615 | D        | Gained mutation: You passively map a small area around you.
                  | [Jiyva's grace]
   615 | D        | Gained mutation: You passively map the area around you.
                  | [Jiyva's grace]
   615 | D        | Gained mutation: You have a pair of small horns on your
                  | head. [Jiyva's grace]
   621 | D        | Noticed a komodo dragon
   629 | D        | Noticed an elephant
   632 | D        | Killed a komodo dragon
   638 | D        | Slain by a crocodile

Vault maps used:
D:        linesprint

Skill      XL: |  1  2  3  4  5  6  7  8  9 |
---------------+----------------------------+-----
Short Blades   | 1 2 3 4 5 6 8 |  8.1
Axes           | 1 2 3 4 5 6 8 |  8.1
Maces & Flails | 1 2 3 4 5 6 8 |  8.1
Polearms       | 1 2 3 4 5 6 8 |  8.1
Staves         | 1 2 3 4 5 6 8 |  8.1
Slings         | 1 2 3 4 5 6 8 |  8.1
Bows           | 1 2 3 4 5 6 8 |  8.1
Crossbows      | 1 2 3 4 5 6 8 |  8.1
Throwing       | 1 2 3 4 5 6 8 |  8.1
Dodging        | 1 2 3 4 5 6 8 |  8.1
Stealth        | 1 2 3 4 5 6 8 |  8.1
Unarmed Combat | 1 2 3 4 5 6 8 |  8.1
Spellcasting   | 1 2 3 4 5 6 8 |  8.1
Invocations    | 1 3 4 5 6 7 8 |  8.9
Evocations     | 1 2 3 4 5 6 8 |  8.1
Fighting       | 7 8 9 10 | 10.4
Long Blades    | 5 6 7 8 9 |  9.4
Armour         | 7 8 9 10 | 10.4
Shields        | 7 8 9 10 | 10.4
Conjurations   | 2 3 4 5 6 |  6.7
Hexes          | 2 3 4 5 6 |  6.7
Charms         | 2 3 4 5 6 |  6.7
Summonings     | 2 3 4 5 6 |  6.7
Necromancy     | 2 3 4 5 6 |  6.7
Translocations | 2 3 4 5 6 |  6.7
Transmutations | 2 3 4 5 6 |  6.7
Fire Magic     | 2 3 4 5 6 |  6.7
Ice Magic      | 2 3 4 5 6 |  6.7
Air Magic      | 2 3 4 5 6 |  6.7
Earth Magic    | 2 3 4 5 6 |  6.7
Poison Magic   | 2 3 4 5 6 |  6.7

Action                   |  1- 3 |  4- 6 |  7- 9 || total
-------------------------+-------+-------+-------++-------
Melee: Long sword        |    18 |    51 |       ||    69
       Bite              |     1 |    11 |    17 ||    29
       Scimitar          |       |    18 |    76 ||    94
       Kick              |       |       |    20 ||    20
       Headbutt          |       |       |     2 ||     2
Invok: Request Jelly     |       |       |     1 ||     1
  Use: Potion            |       |     1 |       ||     1
Armor: Scale mail        |     2 |    11 |       ||    13
       Chain mail        |       |    12 |    16 ||    28
Dodge: Dodged            |     4 |    18 |    17 ||    39
Block: Shield            |     8 |    35 |    33 ||    76
       Rpst.: Long sword |     3 |     2 |       ||     5
       Scimitar          |       |     2 |     5 ||     7

Table legend:
 A = Non-vault XP
 B = Vault XP
 C = Vault XP percentage of total XP
 D = Non-vault monster count
 E = Vault monster count
 F = Vault count percentage of total count
                 A         B        C        D         E       F
            +---------+---------+-------+---------+---------+-------
      Total |       0 |    4615 | 100.0 |       0 |      36 | 100.0
            +---------+---------+-------+---------+---------+-------
          D |       0 |    4615 | 100.0 |       0 |      36 | 100.0
            +---------+---------+-------+---------+---------+-------
